 Dungeon Crawl Stone Soup version 0.31-a0-876-gfe8ebadbca (webtiles) character file.

Game seed: 4891660329988689189

1153 Danienth the Chopper (level 8, -1/83 HPs)
             Began as an Ogre Cinder Acolyte on Oct 13, 2023.
             Was an Initiate of Ignis.
             Slain by an ogre
             ... wielding a +0 giant spiked club
              (16 damage)
             ... on level 6 of the Dungeon.
             The game lasted 00:20:12 (2816 turns).

Danienth the Chopper (Ogre Cinder Acolyte)          Turns: 2816, Time: 00:20:13

Health: -1/83      AC: 10    Str: 19    XL:     8   Next: 38%
Magic:  13/13      EV:  9    Int: 15    God:    Ignis [......]
Gold:   131        SH:  0    Dex:  6    Spells: 14/14 levels left

rFire   + . .        a - -1 hand axe (flame)
rCold   + . .        (no shield)
rNeg    + . .        b - +0 robe
rPois   .            (helmet restricted)
rElec   .            (no cloak)
rCorr   .            (gloves unavailable)
SInv    .            (boots unavailable)
Will    .....        k - amulet "Purch" {Faith rC+ rN+}
Stlth   +            (no ring)
HPRegen 0.33/turn    (no ring)
MPRegen 0.13/turn

%: faith
@: fiery-armoured
A: large, unfitting armour, tough skin 1
a: Renounce Religion, Rising Flame


You were on level 6 of the Dungeon.
You worshipped Ignis.
Ignis was noncommittal.
You visited 1 branch of the dungeon, and saw 6 of its levels.

You collected 131 gold pieces.

Inventory:

Hand Weapons
 a - a -1 hand axe of flaming (weapon)
 e - a +1 flail of holy wrath
 f - a +0 dagger of venom
 m - a +0 orcbow
 o - a +1 mace of holy wrath
 q - a +2 dagger of speed
Missiles
 n - 7 poisoned darts
 p - 4 curare-tipped darts
Armour
 b - a +0 robe (worn)
Jewellery
 k - the amulet "Purch" (around neck) {Faith rC+ rN+}
   (You found it on level 5 of the Dungeon)

   [amulet of faith]

   Faith:     It allows you to gain divine favour quickly.
   rC+:       It protects you from cold.
   rN+:       It protects you from negative energy.
Wands
 c - a wand of charming (9)
 g - a wand of flame (5) (quivered)
Scrolls
 j - a scroll of enchant weapon {unknown}
 l - a scroll of identify
Potions
 d - a potion of enlightenment
 h - 2 potions of ambrosia
 i - a potion of cancellation {unknown}


   Skills:
 - Level 6.1 Fighting
 + Level 6.6 Axes
 + Level 2.5 Armour
 + Level 2.7 Dodging
 + Level 3.7 Spellcasting
 + Level 4.1 Fire Magic


You had 14 spell levels left.
You didn't know any spells.
Your spell library contained the following spells:

 Spells                   Type           Power      Damage    Failure   Level
 Scorch                   Fire           30%        2d6       5%          2


Dungeon Overview and Level Annotations

Branches:
Dungeon (6/15)
 Temple: D:4-7

Altars:
Zin

Annotations:
D:3 1 runed translucent door, Crazy Yiuf


Innate Abilities, Weirdness & Mutations

You are too large for most types of armour.
You have tough skin. (AC +1)


Message History

Aiming: Throw Flame
Press: ? - help, Q - select action, (/) - cycle Shift-Dir - straight line, f/p - centaur
Aim: a centaur, wielding a +0 shortbow (lightly wounded, 81% to hit)
The puff of flame hits the centaur!
The centaur is heavily wounded.
The centaur shoots an arrow.
The arrow closely misses you.
Aiming: Throw Flame
Press: ? - help, Q - select action, (/) - cycle Shift-Dir - straight line, f/p - centaur
Aim: a centaur, wielding a +0 shortbow (heavily wounded, 81% to hit)
The puff of flame hits the centaur!
The centaur is severely wounded.
The centaur shoots an arrow.
The arrow hits you.
The centaur shoots an arrow.
The arrow hits you but does no damage.
Aiming: Throw Flame
Press: ? - help, Q - select action, (/) - cycle Shift-Dir - straight line, f/p - centaur
Aim: a centaur, wielding a +0 shortbow (severely wounded, 81% to hit)
The puff of flame hits the centaur but does no damage.
The centaur is severely wounded.
The centaur shoots an arrow.
The arrow hits you.
Aiming: Throw Flame
Press: ? - help, Q - select action, (/) - cycle Shift-Dir - straight line, f/p - centaur
Aim: a centaur, wielding a +0 shortbow (severely wounded, 81% to hit)
The puff of flame hits the centaur!
You kill the centaur!
A protective cloak of flame settles atop you.
You can no longer armour yourself in flame.
You can no longer call a swarm of foxfires against your foes.
You are too injured to fight recklessly!
Your -1 hand axe of flaming stops flaming.
You are now empty-handed.
Your -1 hand axe of flaming bursts into flame!
a - a -1 hand axe of flaming (weapon)
The ogre hits you with a +0 giant spiked club!!
* * * LOW HITPOINT WARNING * * *
The ogre is burned by your cloak of flames.
The ogre is lightly wounded.
The ogre attacks as it pursues you! The ogre barely misses you.
The ogre attacks as it pursues you!
The ogre hits you with a +0 giant spiked club!
You die...

######### ##.......#
#######.....####
#.....@...### ...#####O.##
##.###### ##..#....####
##..##.......#
##....†.......#
..#.#########...###.......#
....)..........## #.......#
.##.##########.# #.......#


You could see an ogre.

Vanquished Creatures
  Grinder (D:5)
  An ice beast (D:5)
  2 sky beasts (D:6)
  2 centaurs (D:6)
  Blork the orc (D:4)
  2 orc priests (D:5)
  2 hounds (D:5)
  2 jellies (D:5)
  An iguana (D:5)
  Ijyb (D:3)
  2 orc wizards (D:5)
  Robin (D:4)
  5 gnolls (D:5)
  4 adders
  A white imp (D:6)
  An ufetubus (D:5)
  17 orcs
  2 endoplasms
  A giant cockroach (D:3)
  9 goblins
  5 hobgoblins
  4 jackals (D:3)
  A ball python (D:3)
  4 kobolds
  5 rats
77 creatures vanquished.

Vanquished Creatures (collateral kills)
  A foxfire (D:5)
1 creature vanquished.

Vanquished Creatures (others)
  33 foxfires
33 creatures vanquished.

Grand Total: 111 creatures vanquished

Notes
Turn   | Place    | Note
-------+----------+-------------------------------------------
     0 | D:1      | Danienth the Ogre Cinder Acolyte began the quest for the
                  | Orb.
     0 | D:1      | Reached XP level 1. HP: 24/24 MP: 2/2
   201 | D:3      | Reached XP level 2. HP: 33/33 MP: 3/3
   364 | D:3      | Reached XP level 3. HP: 37/40 MP: 4/4
   494 | D:3      | Found a runed translucent door.
   495 | D:3      | Noticed Crazy Yiuf
   559 | D:3      | Noticed Ijyb
   569 | D:3      | Found a glowing silver altar of Zin.
   600 | D:3      | Killed Ijyb
   666 | D:3      | Reached XP level 4. HP: 20/49 MP: 5/5
   878 | D:4      | Noticed Robin
   878 | D:4      | Noticed Blork the orc
   887 | D:4      | Reached skill level 5 in Fighting
   893 | D:4      | Killed Robin
   904 | D:4      | Killed Blork the orc
   905 | D:4      | Reached skill level 5 in Axes
   905 | D:4      | Reached XP level 5. HP: 22/57 MP: 6/6
  1048 | D:4      | You fall into a shaft and drop 1 floor!
  1048 | D:5      | Entered Level 5 of the Dungeon
  1125 | D:5      | Reached XP level 6. HP: 67/67 MP: 7/7
  1373 | D:5      | Noticed an ice beast
  1382 | D:5      | Killed an ice beast
  1383 | D:5      | Reached skill level 1 in Armour
  1383 | D:5      | Reached skill level 1 in Dodging
  1383 | D:5      | Reached XP level 7. HP: 75/75 MP: 8/10
  1418 | D:5      | Noticed Grinder
  1439 | D:5      | Killed Grinder
  2038 | D:5      | Identified the amulet "Purch" {Faith rC+ rN+}
  2206 | D:6      | Reached XP level 8. HP: 47/83 MP: 12/12
  2816 | D:6      | Slain by an ogre

Illustrated notes

Levels and vault maps discovered:
D:1:      erik_arrival_triangle_large, layout_basic, minmay_door_square
D:2:      layout_rooms, chequers_ecumenical_altar_lobes, corexii_shack
D:3:      layout_rooms, zin_statuary, nicolae_houndstooth_variations, uniq_ijyb,
          uniq_crazy_yiuf_cottage
D:4:      layout_loops_ring, serial_shops, kennysheep_little_box, uniq_robin,
          uniq_blork_the_orc
D:5:      layout_cave_pools, dreamdust_gnoll_farm, uniq_grinder
D:6:      layout_rooms

Skill      XL: |  1  2  3  4  5  6  7  8 |
---------------+-------------------------+-----
Axes           | 4 5 6 |  6.6
Fighting       | 5 6 |  6.1
Armour         | 1 2 |  2.5
Dodging        | 1 2 |  2.7
Spellcasting   | 2 3 |  3.7
Fire Magic     | 3 4 |  4.1

Action                     |  1- 3 |  4- 6 |  7- 9 || total
---------------------------+-------+-------+-------++-------
  Melee: Hand axe          |    65 |    49 |    83 ||   197
         Punch             |       |       |     1 ||     1
  Throw: Dart              |       |    22 |    24 ||    46
 Invoke: Fiery Armour      |     1 |     5 |     2 ||     8
         Foxfire Swarm     |     1 |     1 |     1 ||     3
  Evoke: Wand              |       |    19 |    20 ||    39
    Use: Scroll            |     1 |     2 |       ||     3
         Potion            |     1 |     1 |       ||     2
 Armour: Robe              |    46 |    51 |    75 ||   172
         Skin              |     2 |       |       ||     2
  Dodge: Dodged            |    31 |    34 |    42 ||   107

Table legend: (Time is in decaauts)
 A = Elapsed time spent in this place.
 B = Non-inter-level travel time spent in this place.
 C = Inter-level travel time spent in this place.
 D = Time resting spent in this place.
 E = Time spent auto-exploring this place.
 F = Levels seen in this place.
 G = Mean time per level.
                   A        B        C        D        E       F      G
               +--------+--------+--------+--------+--------+-----+--------+
         Total |   2823 |   2761 |     62 |    102 |   2086 |   6 |  470.5 |
       Dungeon |   2823 |   2761 |     62 |    102 |   2086 |   6 |  470.5 |
               +--------+--------+--------+--------+--------+-----+--------+

Top non-repeatable levels by time:
     D:5: 1138 daAuts
     D:3: 688 daAuts
     D:6: 628 daAuts
     D:4: 176 daAuts
     D:1: 165 daAuts
     D:2: 25 daAuts
